 Dungeon Crawl Stone Soup version 0.27.1-34-g3ba077fa99 (webtiles) character file.

Game seed: 3413193661876171141

3299 Arum the Thaumaturge (level 9, -31/57 HPs)
             Began as a Demonspawn Fire Elementalist on Jan 9, 2022.
             Was a Follower of Vehumet.
             Annihilated by an orc warlord (36 damage)
             ... in a bailey.
             The game lasted 00:21:17 (7572 turns).

Arum the Thaumaturge (Demonspawn Fire Elementalist) Turns: 7572, Time: 00:21:18

Health: -31/57     AC:  4    Str:  8    XL:     9   Next: 70%
Magic:  21/30      EV: 12    Int: 25    God:    Vehumet [*.....]
Gold:   433        SH:  0    Dex: 13    Spells: 14/24 levels left

rFire    . . .     SeeInvis .   v - +1 halberd (venom)
rCold    . . .     Faith    .   (shield currently unavailable)
rNeg     . . .     Spirit   .   a - +0 robe
rPois    .         Reflect  .   (no helmet)
rElec    .         Harm     .   y - scarf {repulsion}
rCorr    .         Rampage  .   q - +1 pair of gloves
Will     .....                  (no boots)
Stlth    ++........             g - amulet of magic regeneration
HPRegen  0.19/turn              d - ring of wizardry
MPRegen  0.47/turn              n - ring of magical power

@: very slightly contaminated, invisible, repel missiles
A: hooves 1, spiny 1, big brain 2
a: Renounce Religion


You were in a bailey.
You worshipped Vehumet.
Vehumet was aware of your devotion.
You visited 2 branches of the dungeon, and saw 9 of its levels.
You also visited: Bailey.

You collected 433 gold pieces.

Inventory:

Hand Weapons
 e - a +0 short sword
 l - a +0 whip of flaming
 p - a +2 dagger of freezing
 v - a +1 halberd of venom (weapon)
Missiles
 k - 2 throwing nets
 F - 8 silver javelins
Armour
 a - a +0 robe (worn)
 j - a +0 cloak
 q - a +1 pair of gloves (worn)
 y - a scarf of repulsion (worn)
Jewellery
 d - a ring of wizardry (left hand)
 g - an amulet of magic regeneration (around neck)
 m - a ring of willpower
 n - a ring of magical power (right hand)
 s - an amulet of reflection
 u - a ring of willpower
 x - a +6 ring of dexterity
Wands
 r - a wand of paralysis (6)
 B - a wand of acid (9)
Scrolls
 o - 2 scrolls of noise
 w - 2 scrolls of enchant weapon
 C - 2 scrolls of enchant armour
 E - a scroll of teleportation
 G - a scroll of vulnerability
 J - a scroll of blinking
 K - 4 scrolls of summoning
 L - 2 scrolls of fear {unknown}
 M - a scroll of fog
Potions
 b - a potion of attraction
 c - 2 potions of resistance
 f - 4 potions of curing
 h - a potion of might
 t - a potion of berserk rage
 z - a potion of ambrosia
 A - a potion of lignification
 D - 2 potions of heal wounds
 I - a potion of mutation


   Skills:
 - Level 1.7 Dodging
 - Level 1.7 Stealth
 * Level 8.3 Spellcasting
 + Level 7.5 Conjurations
 + Level 7.4 Fire Magic


You had 14 spell levels left.
You knew the following spells:

 Your Spells              Type           Power      Damage    Failure   Level
a - Foxfire               Conj/Fire      100%       2x1d9     1%          1
b - Sticky Flame          Conj/Fire      47%        2d6       1%          4
c - Fireball              Conj/Fire      23%        3d11      3%          5

Your spell library contained the following spells:

 Spells                   Type           Power      Damage    Failure   Level
 Sandblast                Erth           20%        2d7       2%          1
 Conjure Flame            Conj/Fire      47%        6-21      1%          3
 Inner Flame              Hex/Fire       29%        N/A       1%          3


Dungeon Overview and Level Annotations

Branches:
Dungeon (8/15)             Temple (1/1) D:6          Bailey (1/1)
   Lair: D:8-11

Altars:
Ashenzari
Cheibriados
Dithmenos
Elyvilon
Fedhas
Gozag
Hepliaklqana
Kikubaaqudgha
Makhleb
Nemelex Xobeh
Okawaru
Qazlal
Ru
Sif Muna
Trog
Uskayaw
Vehumet
Wu Jian
Xom
Yredelemnul
Zin
The Shining One


Innate Abilities, Weirdness & Mutations

You have large cloven feet.
You are partially covered in sharp spines.
You have an extremely huge brain. (Int +4)


Message History

Confirm with . or Enter, or press ? or * to list all spells.
Aiming: Sticky Flame (dangerous; 1% risk of failure)
Press: ? - help, Shift-Dir - straight line, f - orc warlord
Aim: an orc warlord, wielding a +0 war axe and wearing a +0 chain mail (100% to hit)
The sticky flame hits the orc warlord!
The orc warlord is lightly wounded.
The orc warlord is covered in liquid flames!
The orc warlord burns!
Casting: Sticky Flame (dangerous; 1% risk of failure)
Confirm with . or Enter, or press ? or * to list all spells.
Aiming: Sticky Flame (dangerous; 1% risk of failure)
Press: ? - help, Shift-Dir - straight line, f/p - orc warlord
Aim: an orc warlord, wielding a +0 war axe and wearing a +0 chain mail (lightly wounded, covered in liquid flames, 100% to hit)
The sticky flame hits the orc warlord.
The orc warlord is lightly wounded.
The orc warlord is covered in liquid flames!
The orc warlord burns!
The orc warlord hits you with a +0 war axe!!
Unknown command.
Casting: Sticky Flame (dangerous; 1% risk of failure)
Confirm with . or Enter, or press ? or * to list all spells.
Aiming: Sticky Flame (dangerous; 1% risk of failure)
Press: ? - help, Shift-Dir - straight line, f/p - orc warlord
Aim: an orc warlord, wielding a +0 war axe and wearing a +0 chain mail (lightly wounded, covered in liquid flames, 100% to hit)
The sticky flame hits the orc warlord.
The orc warlord is lightly wounded.
The orc warlord burns!
The orc warlord hits you with a +0 war axe!!
* * * LOW HITPOINT WARNING * * *
The hobgoblin hits you with a +0 war axe.
* * * LOW HITPOINT WARNING * * *
Unknown command.
Unknown command.
The orc warlord burns!
The orc warlord burns!
The orc warlord burns!
The orc warlord is struck by your spines.
The orc warlord hits you with a +0 war axe!!!
Ouch! That really hurt!
You die...

♣♣♣∩♣♣♣
#####♣♣♣.....♣♣♣#####
#...##.........##...##
.....##.(..((.##.....##
..8...##≈≈≈≈≈##.......##
.......#≈≈≈≈≈#...8..8..##
.......#≈≈≈≈≈#..........#
).8...)'.(.).)..........#
.)...#########..@...8...#
....##≈≈≈# ≈≈####o.....##
(...#≈|.....≈#≈≈#g....##
(...#≈?........≈#....##
(...##8.8...8.8≈##...#
.....#.........≈≈'...#
.)...#....∩....≈≈'...#
..(..#.........≈≈'...#
.(..##8.8...8.8≈##...#


You could see an orc warlord (burning) and a hobgoblin.

Vanquished Creatures
  Psyche (D:8)
  A steam dragon (D:6)
  5 water moccasins
  3 orc warriors (Bailey)
  2 necrophages
  A black bear (D:6)
  An ice beast (D:5)
  3 ogres
  2 centaurs
  3 bullfrogs
  3 scorpions
  2 centaur zombies
  3 hounds (D:5)
  2 centaur skeletons
  A gnoll shaman (D:4)
  An iguana (D:6)
  2 orc wizards
  10 gnolls
  5 adders
  A howler monkey skeleton (D:6)
  2 shadow imps (D:6)
  A white imp (D:7)
  2 ufetubi
  An adder skeleton (D:4)
  A worm (D:3)
  3 dart slugs
  12 orcs
  8 endoplasms
  6 giant cockroaches
  9 hobgoblins
  10 jackals
  24 kobolds
  11 quokkas
  8 ball pythons
  8 bats
  3 frilled lizards
  18 goblins
  6 rats
185 creatures vanquished.

Vanquished Creatures (collateral kills)
  A gnoll (D:4)
1 creature vanquished.

Vanquished Creatures (others)
  608 foxfires
  7 fungi (D:8)
  7 plants (D:8)
622 creatures vanquished.

Grand Total: 808 creatures vanquished

Notes
Turn   | Place    | Note
-------+----------+-------------------------------------------
     0 | D:1      | Arum the Demonspawn Fire Elementalist began the quest for
                  | the Orb.
     0 | D:1      | Reached XP level 1. HP: 13/13 MP: 3/3
   260 | D:1      | Gained mutation: You are partially covered in sharp spines.
                  | [demonic ancestry]
   260 | D:1      | Reached XP level 2. HP: 19/19 MP: 1/5
   884 | D:1      | Reached XP level 3. HP: 24/24 MP: 4/6
  1454 | D:2      | Reached XP level 4. HP: 30/30 MP: 8/8
  1519 | D:2      | Found a faded altar of an unknown god.
  1941 | D:3      | Reached skill level 3 in Spellcasting
  2122 | D:3      | Gained mutation: You have an unusually large brain. (Int
                  | +2) [demonic ancestry]
  2122 | D:3      | Reached XP level 5. HP: 35/35 MP: 9/9
  2730 | D:4      | Learned a level 4 spell: Sticky Flame
  2736 | D:4      | Learned a level 5 spell: Fireball
  3119 | D:4      | Noticed an ogre
  3130 | D:4      | Killed an ogre
  3131 | D:4      | Reached XP level 6. HP: 41/41 MP: 11/11
  3388 | D:4      | Reached skill level 4 in Spellcasting
  3499 | D:5      | Entered Level 5 of the Dungeon
  3824 | D:5      | Gained mutation: You have an extremely huge brain. (Int +4)
                  | [demonic ancestry]
  3824 | D:5      | Reached XP level 7. HP: 46/46 MP: 13/13
  3944 | D:5      | Reached skill level 5 in Fire Magic
  4202 | D:5      | Reached skill level 5 in Spellcasting
  4202 | D:5      | Reached skill level 5 in Conjurations
  4592 | D:6      | Noticed a steam dragon
  4609 | D:6      | Killed a steam dragon
  4610 | D:6      | Reached XP level 8. HP: 7/52 MP: 16/16
  5467 | D:6      | Found a staircase to the Ecumenical Temple.
  5480 | Temple   | Entered the Ecumenical Temple
  5821 | D:6      | Reached skill level 6 in Spellcasting
  6360 | D:7      | Gained mutation: You have large cloven feet. [demonic
                  | ancestry]
  6360 | D:7      | Reached XP level 9. HP: 57/57 MP: 19/19
  6448 | D:7      | Reached skill level 7 in Spellcasting
  7033 | D:8      | Found a radiant altar of Vehumet.
  7041 | D:8      | Became a worshipper of Vehumet
  7111 | D:8      | Noticed Psyche
  7122 | D:8      | Killed Psyche
  7207 | D:8      | Reached skill level 8 in Spellcasting
  7211 | D:8      | Found a flagged portal.
  7226 | Bailey   | Entered a bailey
  7233 | Bailey   | Noticed an orc warlord
  7250 | Bailey   | Reached * piety under Vehumet
  7250 | Bailey   | Offered knowledge of Sandblast by Vehumet.
  7349 | Bailey   | Found a runed translucent gate.
  7352 | Bailey   | Found a runed translucent gate.
  7354 | Bailey   | Found a runed translucent gate.
  7572 | Bailey   | Annihilated by an orc warlord

Illustrated notes

Levels and vault maps discovered:
D:1:      dpeg_arrival_rooms_c, layout_loops_ring, corner_web_ring
D:2:      layout_loops_ring, basic_ecumenical_altar, st_stairs_5, minmay_vboxes
D:3:      layout_rooms, chequers_serial_rivers_large_a,
          hangedman_decor_diamond_cutter
D:4:      minmay_skewed_foursquare, layout_loops_ring,
          kennysheep_decorative_pillar
D:5:      layout_loops_ring, minmay_misc_feat_plants, minmay_misc_feat_square,
          serial_bayou_ford_a, lemuel_flame_loot_1
D:6:      black_bear_nest_2, layout_gridville,
          minmay_temple_entry_statues_pillars
D:7:      layout_loops_ring
D:8:      layout_loops_ring, nicolae_vehumet_radiance,
          grunt_lair_entry_orc_guard_hut, enter_bailey_5, uniq_pikel,
          uniq_gastronok, uniq_psyche
Temple:   nicolae_temple_the_god_donut
Bailey:   bailey_axe_bossmonster_kennysheep, bailey

Skill      XL: |  1  2  3  4  5  6  7  8  9 |
---------------+----------------------------+-----
Fire Magic     | 3 4 5 6 7 |  7.4
Conjurations   | 2 3 4 5 6 7 |  7.5
Spellcasting   | 3 4 5 6 8 |  8.3
Dodging        | |  1.7
Stealth        | |  1.7

Action                   |  1- 3 |  4- 6 |  7- 9 || total
-------------------------+-------+-------+-------++-------
Melee: Unarmed           |     8 |       |     1 ||     9
       Short sword       |    14 |       |       ||    14
       Halberd           |       |     5 |     9 ||    14
 Cast: Foxfire           |    65 |   135 |   179 ||   379
       Sticky Flame      |       |     2 |    19 ||    21
  Use: Potion            |       |     1 |     1 ||     2
       Scroll            |       |    12 |    13 ||    25
 Stab: Sleeping          |     1 |       |       ||     1
Armor: Robe              |     7 |     6 |     8 ||    21
Dodge: Dodged            |    20 |    23 |    37 ||    80
